 Dungeon Crawl Stone Soup version 0.30-a0-779-g7971cf19c3 (webtiles) character file.

Game seed: 16626545751889367968

628 bande the Chopper (level 7, 0/44 HPs)
             Began as a Gargoyle Fighter on Feb 18, 2023.
             Slain by a killer bee (1 damage)
             ... on level 7 of the Dungeon.
             The game lasted 00:04:50 (2784 turns).

bande the Chopper (Gargoyle Fighter)                Turns: 2784, Time: 00:04:51

Health: 0/44       AC: 19    Str: 20    XL:     7   Next: 48%
Magic:  7/7        EV:  5    Int:  8    God:
Gold:   214        SH:  4    Dex: 11    Spells: 6/6 levels left

rFire   . . .      SeeInvis .    a - +0 war axe
rCold   + . .      Faith    .    c - +0 buckler
rNeg    + . .      Spirit   .    h - +0 plate armour
rPois   ∞          Reflect  .    (no helmet)
rElec   +          Harm     .    (no cloak)
rCorr   .          Rampage  .    j - +0 pair of gloves
Will    .....                    o - +0 pair of boots Stlth
                                 g - amulet of regeneration
HPRegen 1.07/turn                f - ring of protection from cold
MPRegen 0.10/turn                (no ring)

@: no status effects
A: sickness immunity, AC +4, negative energy resistance 1, electricity
resistance, torment resistance 1, petrification resistance
a: no special abilities


You were on level 7 of the Dungeon.
You visited 1 branch of the dungeon, and saw 5 of its levels.

You collected 214 gold pieces.

Inventory:

Hand Weapons
 a - a +0 war axe (weapon)
 n - a +0 war axe
 v - a +0 flail
Missiles
 k - 4 boomerangs of dispersal (quivered)
 p - 4 boomerangs
Armour
 c - a +0 buckler (worn)
 h - a +0 plate armour (worn)
 j - a +0 pair of gloves (worn)
 o - a +0 pair of boots (worn)
Jewellery
 f - a ring of protection from cold (left hand)
 g - an amulet of regeneration (around neck)
 r - a ring of ice
Wands
 s - a wand of paralysis (7)
Scrolls
 i - 3 scrolls of fear
 q - 2 scrolls of teleportation
 t - a scroll of magic mapping
Potions
 b - a potion of heal wounds
 d - a potion of might
 e - a potion of berserk rage {unknown}
 l - 2 potions of ambrosia {unknown}
 m - 6 potions of curing {unknown}
 u - a potion of flight {unknown}
 w - a potion of magic {unknown}


   Skills:
 + Level 4.7 Fighting
 + Level 5.7 Axes
 + Level 4.7 Armour
 + Level 4.3 Shields


You had 6 spell levels left.
You didn't know any spells.
Your spell library contained the following spells:

 Spells                   Type           Power      Damage    Failure   Level
 Slow                     Hex            0%         N/A       100%        1
 Confusing Touch          Hex            0%         N/A       100%        3
 Ozocubu's Armour         Ice            0%         N/A       100%        3
 Vampiric Draining        Necr           0%         2d6       100%        3
 Ozocubu's Refrigeration  Ice            0%         4d7       100%        7


Dungeon Overview and Level Annotations

Branches:
Dungeon (7/15)
 Temple: D:4-7

Altars:

Shops:
D:3 (   D:4 (


Innate Abilities, Weirdness & Mutations

You are immune to sickness and miasma.
Your stone body is resilient. (AC +4)
You are immune to poison.
You resist negative energy. (rN+)
You are resistant to electric shocks. (rElec)
You are resistant to unholy torment.
You are immune to petrification.


Message History

You slash something!
The killer bee stings you but does no damage. x2
You block the killer bee's attack.
The killer bee stings you but does no damage.
The shadow imp hits you but does no damage.
The gnoll hits you but does no damage. You block the orc's attack.
Something hits you but does no damage.
Unknown command.
You closely miss the killer bee. x2; You slash the shadow imp!
You kill the shadow imp!
You closely miss something.
The killer bee stings you but does no damage. x2
The killer bee stings you.
The killer bee stings you but does no damage.
The gnoll completely misses you. Something hits you but does no damage.
You block the orc's attack. The killer bee stings you.
The killer bee closely misses you.
Unknown command.
You miss the killer bee. You closely miss the gnoll. You miss something.
You miss the killer bee.
The killer bee stings you but does no damage. x2
Something hits you but does no damage. The gnoll hits you with a +0 flail.
The orc hits you from afar with a +0 trident.
* * * LOW HITPOINT WARNING * * *
The gnoll completely misses you. You block the killer bee's attack. x2
Unknown command.
You barely miss the killer bee. You hit something but do no damage.
You hit the killer bee. You hit the gnoll. The killer bee barely misses you.
The killer bee stings you but does no damage.
You block the killer bee's attack. The killer bee stings you.
* * * LOW HITPOINT WARNING * * *
Something hits you.
* * * LOW HITPOINT WARNING * * *
The gnoll hits you with a +0 flail.
* * * LOW HITPOINT WARNING * * *
The orc hits you but does no damage. You block the gnoll's attack.
The killer bee stings you.
* * * LOW HITPOINT WARNING * * *
The killer bee stings you.
You die...

... ..##### ....... #+#
#.##### #.###.#
######.....### .
#............###
....#####...............
....ggy@.............###
.....oyg{.####.###+###
......>...+ .....
####......####....
#......# #####.#
#..$...# # #......#
#######.


You could see 2 killer bees, 3 gnolls and an orc.

Vanquished Creatures
  A kobold brigand (D:7)
  A necrophage (D:7)
  A scorpion (D:4)
  4 killer bees (D:7)
  A jelly (D:4)
  A hound (D:3)
  An orc priest (D:7)
  4 orc wizards
  An adder (D:2)
  A shadow imp (D:7)
  2 dart slugs
  5 orcs
  5 ball pythons
  4 endoplasms
  2 giant cockroaches
  5 goblins
  6 hobgoblins
  4 quokkas
  5 bats
  3 frilled lizards (D:2)
  8 kobolds
  4 rats
69 creatures vanquished.

Vanquished Creatures (others)
  2 plants (D:1)
2 creatures vanquished.

Grand Total: 71 creatures vanquished

Notes
Turn   | Place    | Note
-------+----------+-------------------------------------------
     0 | D:1      | bande the Gargoyle Fighter began the quest for the Orb.
     0 | D:1      | Reached XP level 1. HP: 14/14 MP: 1/1
   130 | D:1      | Reached XP level 2. HP: 18/19 MP: 2/2
   284 | D:1      | Reached skill level 2 in Axes
   981 | D:2      | Reached XP level 3. HP: 23/23 MP: 3/3
  1075 | D:2      | Found a faded altar of an unknown god.
  1717 | D:3      | Reached skill level 3 in Axes
  1717 | D:3      | Reached XP level 4. HP: 28/28 MP: 4/4
  2025 | D:3      | Found Huf Baor's Weapon Boutique.
  2281 | D:3      | Reached XP level 5. HP: 19/33 MP: 5/5
  2399 | D:4      | Reached skill level 4 in Axes
  2403 | D:4      | Found Ereicw's Weapon Shoppe.
  2414 | D:4      | Reached XP level 6. HP: 38/38 MP: 6/6
  2451 | D:4      | You fall into a shaft and drop 3 floors!
  2669 | D:7      | Reached skill level 5 in Axes
  2672 | D:7      | Reached XP level 7. HP: 17/44 MP: 7/7
  2784 | D:7      | HP: 1/44 [killer bee (5)]
  2784 | D:7      | Slain by a killer bee

Illustrated notes

Levels and vault maps discovered:
D:1:      lightli_arrival_boilingwater, layout_loops_ring, serial_forest,
          infiniplex_forest_clump_curved, infiniplex_forest_clump_small,
          infiniplex_forest_lined_corner, infiniplex_forest_end_1,
          infiniplex_forest_straight_4
D:2:      layout_basic, ebering_ecumenical_altar_webs, supply_closet_lemuel
D:3:      layout_basic, serial_shops, nicolae_shop_bloodbath_and_beyond
D:4:      layout_rooms, serial_rivers, chequers_serial_rivers_micro_c,
          chequers_serial_rivers_micro_a, chequers_serial_rivers_micro_a,
          chequers_serial_rivers_room_b, chequers_serial_rivers_micro_b,
          serial_shops, shop, corner_web_ring
D:7:      layout_basic

Skill      XL: |  1  2  3  4  5  6 |
---------------+-------------------+-----
Axes           | 2 3 4 5 |  5.7
Fighting       | 4 |  4.7
Armour         | 4 |  4.7
Shields        | 4 |  4.3

Action                     |  1- 3 |  4- 6 |  7- 9 || total
---------------------------+-------+-------+-------++-------
  Melee: War axe           |   116 |    86 |    19 ||   221
    Use: Scroll            |     6 |     2 |       ||     8
         Potion            |       |       |     1 ||     1
 Armour: Plate armour      |    86 |    99 |    83 ||   268
         Scale mail        |     2 |       |       ||     2
  Dodge: Dodged            |    42 |    23 |    31 ||    96
  Block: Buckler           |    25 |    20 |    22 ||    67

Table legend: (Time is in decaauts)
 A = Elapsed time spent in this place.
 B = Non-inter-level travel time spent in this place.
 C = Inter-level travel time spent in this place.
 D = Time resting spent in this place.
 E = Time spent auto-exploring this place.
 F = Levels seen in this place.
 G = Mean time per level.
                   A        B        C        D        E       F      G
               +--------+--------+--------+--------+--------+-----+--------+
         Total |   2874 |   2780 |     94 |    148 |   1995 |   5 |  574.8 |
       Dungeon |   2874 |   2780 |     94 |    148 |   1995 |   5 |  574.8 |
               +--------+--------+--------+--------+--------+-----+--------+

Top non-repeatable levels by time:
     D:3: 862 daAuts
     D:1: 838 daAuts
     D:2: 727 daAuts
     D:7: 346 daAuts
     D:4: 99 daAuts
